Map: 机械城 - 天梯版

Players

iGMacSed (MacSed)

  • Race: Protoss Protoss

Scarlett - Winner!

  • Race: Zerg Zerg
  • League: Diamond

Event: WESG 2018 Grand Finals

VOD

Have the link to the VOD?

Description

Time

  • Played on: March 12, 2019, 12:14 a.m.
  • Length: 8:52

All games in this series

Show
View Real Time Build Order
Export as new Build Order

iGMacSed Protoss 

Build Orders: 1 Gate Expand, Oracle Opening, Phoenix Opening, Archon Immortal, Archon Drop 

Get SALT Encoding   

  12  0:00  Probe  
  13  0:12  Probe  
  14  0:18  Pylon  
  14  0:24  Probe  
  15  0:32  Probe  
  15  0:40  Probe  
  15  0:41  Gateway  
  16  0:48  Assimilator  
  17  0:51  Probe  
  18  1:03  Probe  
  19  1:15  Probe  
  20  1:27  Nexus  
  20  1:38  Cybernetics Core  
  20  1:40  Probe  
  21  1:48  Assimilator  
  21  1:52  Probe  
  22  1:56  Pylon  
  22  2:04  Adept, Probe  
  25  2:16  Probe  
  25  2:19  Stargate  
  26  2:28  Warp Gate  
  26  2:29  Probe  
  26  2:34  Adept  
  26  2:35  Probe  
  28  2:41  Probe  
  28  2:43  Probe  
  31  2:53  Probe x2  
  31  2:56  Phoenix  
  33  3:05  Probe  
  36  3:06  Probe  
  36  3:12  Pylon  
  37  3:17  Probe  
  37  3:19  Oracle  
  38  3:22  Probe  
  42  3:29  Probe  
  42  3:31  Gateway  
  43  3:34  Probe  
  43  3:36  Assimilator  
  43  3:38  Assimilator  
  44  3:45  Probe  
  44  3:47  Probe  
  46  3:48  Robotics Facility  
  46  3:55  Probe  
  46  3:57  Probe  
  46  3:59  Twilight Council  
  48  4:03  Probe  
  48  4:05  Probe  
  50  4:11  Probe  
  50  4:14  Pylon, Probe  
  51  4:23  Probe  
  53  4:24  Warp Prism  
  53  4:26  Probe  
  54  4:33  Gateway x2  
  56  4:38  Templar Archives  
  56  4:45  Zealot  
  56  4:47  Zealot  
  56  4:49  Pylon  
  60  5:03  Nexus  
  60  5:09  Pylon, Observer  
  60  5:13  Probe  
  60  5:14  Pylon  
  62  5:15  Probe  
  63  5:25  Probe  
  63  5:27  Probe  
  65  5:31  High Templar x4  
  65  5:35  Archon x2  
  73  5:37  Shield Battery, Probe  
  73  5:39  Probe  
  73  5:42  Forge  
  75  5:47  Immortal  
  75  5:49  Probe  
  80  5:51  Probe  
  81  5:58  Protoss Ground Weapons Level 1  
  81  5:59  Pylon  
  81  6:01  Probe, Robotics Facility  
  81  6:03  Probe  
  83  6:14  Probe  
  83  6:15  Probe x2  
  86  6:26  Probe  
  86  6:27  Probe, Assimilator x2  
  86  6:28  Pylon, Probe, Charge  
  86  6:32  Immortal  
  93  6:38  Probe  
  95  6:40  Probe  
  95  6:43  Pylon  
  95  6:44  Probe  
  96  6:50  Probe, Immortal  
  101  6:54  Gateway  
  101  6:55  Probe  
  101  6:56  Gateway  
  101  6:57  Probe  
  103  7:02  Probe  
  103  7:03  Gateway  
  103  7:05  Psionic Storm  
  103  7:07  Gateway  
  103  7:08  Gateway  
  104  7:18  High Templar x3  
  110  7:23  High Templar, Immortal  
  116  7:30  Immortal  
  116  7:44  Pylon  
  120  7:45  Pylon  
  120  7:56  Pylon  
  120  7:57  Pylon  
  120  7:58  Immortal  
  120  7:59  Gateway  
  120  8:04  Gateway  
  124  8:10  Immortal  
  128  8:17  Zealot x4  
  128  8:18  Zealot x3  
  127  8:39  Zealot x2  
  127  8:40  Zealot  
Show
View Real Time Build Order
Export as new Build Order

Scarlett Zerg - Winner!

Build Orders: Hatch First, Roach Hydra 

Get SALT Encoding   

  12  0:00  Drone  
  13  0:12  Overlord  
  13  0:18  Drone  
  14  0:31  Drone x2  
  16  0:49  Hatchery  
  15  0:52  Drone  
  17  0:57  Drone  
  17  0:59  Drone  
  18  1:11  Extractor  
  18  1:15  Spawning Pool  
  16  1:18  Drone  
  16  1:21  Drone  
  18  1:28  Drone  
  20  1:40  Drone  
  20  1:51  Drone  
  21  2:01  Overlord, Queen  
  21  2:02  Queen, Zergling x2  
  26  2:11  Drone  
  26  2:13  Drone  
  28  2:15  Metabolic Boost  
  28  2:24  Drone x2  
  30  2:36  Hatchery  
  29  2:42  Drone  
  29  2:43  Drone  
  31  2:47  Queen  
  33  2:52  Overlord  
  33  2:55  Drone  
  33  2:57  Zergling x2  
  35  3:00  Drone  
  36  3:11  Drone x6  
  42  3:18  Overlord, Drone  
  43  3:20  Drone  
  43  3:23  Overlord  
  44  3:35  Overlord  
  44  3:37  Queen  
  44  3:39  Drone  
  44  3:40  Drone  
  48  3:43  Drone x3  
  52  3:48  Drone x2  
  52  3:52  Spore Crawler  
  52  3:55  Spore Crawler  
  51  3:58  Drone x4  
  55  4:04  Queen  
  55  4:08  Drone x3  
  55  4:09  Drone  
  61  4:13  Drone x3  
  63  4:22  Drone x3  
  64  4:27  Overlord, Drone  
  64  4:31  Lair  
  65  4:33  Extractor x2  
  65  4:35  Roach Warren, Drone  
  65  4:36  Drone x2  
  65  4:39  Extractor  
  65  4:41  Zergling x2  
  65  4:42  Overlord x2  
  65  4:47  Drone x4  
  69  4:53  Drone x4  
  69  4:55  Overlord  
  69  4:57  Overlord  
  73  5:08  Drone x6  
  73  5:12  Extractor  
  73  5:13  Overlord, Extractor  
  73  5:14  Overlord  
  77  5:15  Roach x2  
  77  5:18  Roach x2  
  89  5:21  Roach x2  
  89  5:26  Roach  
  91  5:32  Roach x3  
  91  5:33  Glial Reconstitution  
  97  5:36  Evolution Chamber  
  97  5:39  Roach  
  97  5:42  Hydralisk Den  
  97  5:43  Drone x3  
  97  5:45  Drone  
  97  5:48  Overseer  
  100  5:57  Roach x4  
  100  5:58  Drone x2  
  100  6:04  Zerg Missile Weapons Level 1  
  110  6:12  Muscular Augments, Hatchery, Hydralisk  
  110  6:13  Hydralisk x3  
  117  6:21  Hydralisk  
  117  6:22  Hydralisk  
  117  6:23  Overlord x4  
  121  6:41  Overlord x3  
  121  6:45  Pneumatized Carapace  
  121  6:47  Hydralisk x5  
  131  6:56  Hydralisk x3  
  137  7:05  Roach x5  
  147  7:15  Zergling x2  
  147  7:16  Overlord, Zergling x16  
  147  7:17  Nydus Network  
  155  7:23  Overlord  
  155  7:24  Overlord  
  155  7:28  Grooved Spines  
  155  7:31  Roach x2  
  155  7:34  Roach x4  
  155  7:36  Roach  
  155  7:37  Roach  
  171  7:47  Roach x3  
  171  7:48  Roach x3  
  183  7:59  Roach  
  183  8:00  Roach x6  
  183  8:05  Nydus Canal  
  196  8:08  Roach  
  198  8:25  Nydus Canal  
Tags
 
Add a new tag
Caveats
  • Supply blocks, unpowered buildings, or Contaminate may cause inaccurate times.
  • Supply counts are checked every 10 seconds.